 Dungeon Crawl Stone Soup version 0.29.1-1-gd02db6906a (webtiles) character file.

Game seed: 201160124269042154

102 lonewolfV2 the Shield-Bearer (level 4, -5/38 HPs)
             Began as a Demigod Fighter on Oct 14, 2022.
             Splashed by a jelly's acid (9 damage)
             ... on level 2 of the Dungeon.
             The game lasted 00:04:45 (2796 turns).

lonewolfV2 the Shield-Bearer (Demigod Fighter)      Turns: 2796, Time: 00:04:47

Health: -5/38      AC: -4    Str: 21    XL:     4   Next: 26%
Magic:  6/6        EV:  9    Int: 10    God:
Gold:   99         SH:  4    Dex: 13    Spells: 3/3 levels left

rFire   + . .      SeeInvis .   m - +1 short sword (drain)
rCold   . . .      Faith    .   c - +0 buckler
rNeg    . . .      Spirit   .   b - +1 scale mail
rPois   .          Reflect  .   (no helmet)
rElec   .          Harm     .   (no cloak)
rCorr   .          Rampage  .   (no gloves)
Will    .....                   (no boots)
Stlth   ..........              (no amulet)
HPRegen 0.12/turn               h - ring of protection from fire
MPRegen 0.10/turn               (no ring)

@: corroded
A: high MP 1, forlorn, divine attributes
a: no special abilities


You were on level 2 of the Dungeon.
You visited 1 branch of the dungeon, and saw 2 of its levels.

You collected 99 gold pieces.

Inventory:

Hand Weapons
 a - a +0 war axe
 m - a +1 short sword of draining (weapon)
Armour
 b - a +1 scale mail (worn)
 c - a +0 buckler (worn)
Jewellery
 h - a ring of protection from fire (left hand)
Scrolls
 g - a scroll of torment
Potions
 d - 4 potions of might
 e - a potion of mutation {unknown}
 f - 2 potions of degeneration {unknown}
 i - 2 potions of brilliance {unknown}
 j - a potion of curing {unknown}
 k - a potion of lignification {unknown}
 l - a potion of invisibility {unknown}


   Skills:
 + Level 3.0 Fighting
 + Level 3.0 Axes
 + Level 3.2 Armour
 + Level 0.6 Dodging
 + Level 3.2 Shields


You had 3 spell levels left.
You didn't know any spells.
Your spell library contained the following spells:

 Spells                   Type           Power      Damage    Failure   Level
 Apportation              Tloc           0%         N/A       80%         1
 Blink                    Tloc           0%         N/A       90%         2
 Gell's Gravitas          Tloc           0%         N/A       99%         3
 Lesser Beckoning         Tloc           0%         N/A       99%         3
 Teleport Other           Tloc           0%         N/A       99%         3
 Alistair's Intoxication  Tmut/Pois      0%         N/A       100%        5
 Manifold Assault         Tloc           0%         N/A       100%        5
 Storm Form               Tmut/Air       0%         N/A       100%        7


Dungeon Overview and Level Annotations

Branches:
Dungeon (2/15)

Shops:
D:2 (


Innate Abilities, Weirdness & Mutations

You have an increased reservoir of magic. (+10% MP)
You shall have no god before yourself.
Your divine heritage dramatically boosts your attributes as you level up.


Message History

You kill the endoplasm!
You hit the endoplasm.
The endoplasm is moderately wounded.
The endoplasm hits you but does no damage.
You barely miss the endoplasm.
The endoplasm is moderately wounded.
You block the endoplasm's attack.
You hit the endoplasm.
You kill the endoplasm!
A jelly comes into view.
You block the jelly's attack.
You hit the jelly.
Your hands burn!
The jelly is moderately wounded.
The jelly barely misses you.
An endoplasm comes into view.
The endoplasm quivers.
You hit the jelly. The acid corrodes you!
Your hands burn!
The jelly is heavily wounded.
You block the jelly's attack.
You hit the jelly but do no damage. You drain the jelly.
Your hands burn!
The jelly is heavily wounded.
The jelly completely misses you.
You hit the jelly.
Your hands burn!
The jelly is severely wounded.
The jelly completely misses you.
You hit the jelly but do no damage. The acid corrodes you!
Your hands burn!
The jelly is severely wounded.
The jelly hits you.
You are splashed with acid!
* * * LOW HITPOINT WARNING * * *
You hit the jelly but do no damage.
Your hands burn!
* * * LOW HITPOINT WARNING * * *
The jelly is severely wounded.
You block the jelly's attack.
You hit the jelly. You drain the jelly.
Your hands burn!
* * * LOW HITPOINT WARNING * * *
The jelly is almost dead.
The jelly barely misses you. The jelly hits you.
* * * LOW HITPOINT WARNING * * *
The acid corrodes you!
You are splashed with acid!
You die...

#.......#
#.#.##.....#.
#...†...#
÷.##.#.##.....#.
###...###
P.##.#..........
#.....#
.÷##............
#...#.#
P.##............
#...#.#
..##....##.##...
###...#.#
JJ##.#####.##...
#.......# #######J#
#.#####.#8...
#.......###)....@#
#.......##...
#.......##.########
######..##...
#.......###..'....#
#....##...
#.......# ####....#
#....#⌠...
###.....# #.......#
###....##...
###.....# #...[...#
#.....###...
#.......###.......#
#.....# #...
#........##.....[.#
#.....##8...
#.......####.))).##
#.....###...


You could see a jelly (very drained) and 2 endoplasms.

Vanquished Creatures
  Robin (D:2)
  2 adders (D:2)
  3 dart slugs (D:1)
  4 ball pythons
  6 endoplasms
  9 goblins
  8 hobgoblins
  3 jackals (D:1)
  14 kobolds
  A quokka (D:2)
  4 bats
  3 frilled lizards
  5 rats
63 creatures vanquished.

Vanquished Creatures (others)
  4 fungi (D:2)
  4 toadstools (D:2)
8 creatures vanquished.

Grand Total: 71 creatures vanquished

Notes
Turn   | Place    | Note
-------+----------+-------------------------------------------
     0 | D:1      | lonewolfV2 the Demigod Fighter began the quest for the Orb.
     0 | D:1      | Reached XP level 1. HP: 18/18 MP: 3/3
     8 | D:1      | Noticed an electric eel
   135 | D:1      | Reached XP level 2. HP: 13/25 MP: 4/4
  1136 | D:1      | Reached XP level 3. HP: 25/30 MP: 5/5
  1648 | D:2      | Noticed Robin
  1673 | D:2      | Killed Robin
  2229 | D:2      | Reached XP level 4. HP: 36/38 MP: 6/6
  2448 | D:2      | Found Xyitzol's Weapon Emporium.
  2796 | D:2      | Splashed by a jelly's acid

Illustrated notes

Levels and vault maps discovered:
D:1:      arrival_aquarium_a, layout_loops_ring,
          corexii_item_surrounded_by_moat, minmay_hexomino_r4
D:2:      cheibrodos_fertilizer, layout_basic, serial_shops,
          nicolae_diamond_shop, hellmonk_ecumenical_altar_blasted,
          serial_corexii_hall, corexii_hall_statues_l, corexii_hall_statues_i,
          uniq_robin

Skill      XL: |  1  2  3 |
---------------+----------+-----
Axes           | 2 3 |  3.0
Shields        | 3 |  3.2
Fighting       | 3 |  3.0
Armour         | 3 |  3.2
Dodging        | |  0.6

Action                   |  1- 3 |  4- 6 || total
-------------------------+-------+-------++-------
Melee: War axe           |   165 |    13 ||   178
       Short sword       |       |    21 ||    21
  Use: Scroll            |     5 |       ||     5
Armor: Scale mail        |   108 |    18 ||   126
Dodge: Dodged            |    98 |    17 ||   115
Block: Buckler           |    48 |    11 ||    59
